 Dungeon Crawl Stone Soup version 0.30-a0-422-g946f4849ff (webtiles) character file.

Game seed: 18147422768861353666

0 cforsyth the Chopper (level 1, -2/19 HPs)
             Began as a Hill Orc Monk on Dec 9, 2022.
             Slain by a quokka (4 damage)
             ... on level 1 of the Dungeon.
             The game lasted 00:00:09 (24 turns).

cforsyth the Chopper (Hill Orc Monk)                  Turns: 24, Time: 00:00:09

Health: -2/19      AC:  2    Str: 13    XL:     1   Next: 10%
Magic:  1/1        EV: 12    Int: 10    God:
Gold:   0          SH:  0    Dex: 13    Spells: 0/0 levels left

rFire   . . .      SeeInvis .    a - +0 hand axe
rCold   . . .      Faith    .    (no shield)
rNeg    . . .      Spirit   .    b - +0 robe
rPois   .          Reflect  .    (no helmet)
rElec   .          Harm     .    (no cloak)
rCorr   .          Rampage  .    (no gloves)
Will    .....                    (no boots)
Stlth   ++........               (no amulet)
HPRegen 0.23/turn                (no ring)
MPRegen 0.07/turn                (no ring)

@: no status effects
A: no striking features
a: no special abilities


You were on level 1 of the Dungeon.
You visited 1 branch of the dungeon, and saw 1 of its levels.

Inventory:

Hand Weapons
 a - a +0 hand axe (weapon)
Armour
 b - a +0 robe (worn)
Potions
 c - a potion of ambrosia


   Skills:
 + Level 3.6 Fighting
 + Level 4.0 Axes
 - Level 2.4 Dodging
 - Level 1.5 Stealth


You couldn't memorise any spells.
You didn't know any spells.
Your spell library was empty.

Dungeon Overview and Level Annotations

Branches:
Dungeon (1/15)

Altars:


Message History

The quokka misses you.
You completely miss the quokka.
The quokka is lightly wounded.
The quokka misses you. The quokka bites you.
You hit the quokka but do no damage.
The quokka is lightly wounded.
The ball python hisses angrily.
The quokka bites you.
You closely miss the quokka.
The quokka is lightly wounded.
The quokka bites you.
You are too injured to fight recklessly!
You are too injured to fight recklessly!
You are too injured to fight recklessly!
You are too injured to fight recklessly!
You are too injured to fight recklessly!
You are too injured to fight recklessly!
You are too injured to fight recklessly!
You are too injured to fight recklessly!
You barely miss the bat. You hit the quokka but do no damage.
The bat barely misses you. The quokka barely misses you.
The bat closely misses you.
The quokka bites you but does no damage.
You closely miss the quokka.
The quokka is lightly wounded.
You hit the bat. The bat barely misses you. The quokka bites you.
* * * LOW HITPOINT WARNING * * *
You are too injured to fight recklessly!
You hit the quokka.
The quokka is almost dead.
The bat barely misses you.
The quokka twitches its whiskers.
The quokka bites you.
* * * LOW HITPOINT WARNING * * *
Unknown command.
You are too injured to fight recklessly!
The ball python attacks as you move away!
The ball python barely misses you. The ball python completely misses you.
The quokka attacks as you move away! The quokka bites you.
You die...

##.# .#. . ... .. .
# #.# .. .# ###.
#.##. #.# #
....####... .....
.........##.#.#.#
##..............#
.........@r......
#######....Sb...#.#
.#≈≈≈≈≈............#
.≈≈≈≈≈.........#...#
.≈≈≈≈~...(.........#
.≈≈≈~≈.......#......
.≈≈..≈.<......##...#
.≈≈≈...............
.≈≈≈.............


You could see a quokka, a bat and a ball python.

Vanquished Creatures
  A ball python (D:1)
1 creature vanquished.

Notes
Turn   | Place    | Note
-------+----------+-------------------------------------------
     0 | D:1      | cforsyth the Hill Orc Monk began the quest for the Orb.
     0 | D:1      | Reached XP level 1. HP: 19/19 MP: 1/1
    24 | D:1      | Slain by a quokka

Illustrated notes

Levels and vault maps discovered:
D:1:      dpeg_arrival_pond, layout_basic, minmay_misc_feat_more_columns,
          st_stairs_7, minmay_curled_crystal, nrook_mini_vaults,
          minmay_misc_feat_five, grunt_decor_arrowhead

Action                   || total
-------------------------++-------
Melee: Hand axe          ||    16
Armor: Robe              ||     1
Dodge: Dodged            ||    21

Table legend: (Time is in decaauts)
 A = Elapsed time spent in this place.
 B = Non-inter-level travel time spent in this place.
 C = Inter-level travel time spent in this place.
 D = Time resting spent in this place.
 E = Time spent auto-exploring this place.
 F = Levels seen in this place.
 G = Mean time per level.
                   A        B        C        D        E       F      G
               +--------+--------+--------+--------+--------+-----+--------+
         Total |     25 |     25 |      0 |      0 |      2 |   1 |   25.0 |
       Dungeon |     25 |     25 |      0 |      0 |      2 |   1 |   25.0 |
               +--------+--------+--------+--------+--------+-----+--------+

Top non-repeatable levels by time:
     D:1: 25 daAuts
